Map: Submarine LE

Players

ViBE - Winner!

  • Race: Protoss Protoss
  • League: Bronze
  • Spawn Location: 5:00

BoHater

  • Race: Zerg Zerg
  • Spawn Location: 11:00

VOD

Have the link to the VOD?

Description

Time

  • Played on: April 6, 2021, 12:40 a.m.
  • Length: 12:13
Show
View Real Time Build Order
Export as new Build Order

ViBE Protoss - Winner!

Build Orders: 1 Gate Expand, Archon Immortal 

Get SALT Encoding   

  12  0:01  Probe  
  13  0:14  Probe  
  14  0:20  Pylon  
  14  0:26  Probe  
  15  0:38  Probe (Chrono Boost)  
  15  0:40  Gateway  
  16  0:49  Assimilator  
  17  0:50  Probe (Chrono Boost)  
  17  0:57  Probe (Chrono Boost)  
  18  1:05  Probe  
  19  1:17  Probe  
  20  1:31  Nexus, Probe  
  21  1:38  Cybernetics Core  
  21  1:43  Probe  
  22  1:49  Assimilator  
  22  1:51  Pylon  
  22  2:00  Probe  
  23  2:12  Probe (Chrono Boost)  
  24  2:18  Stalker  
  24  2:19  Warp Gate  
  27  2:24  Probe (Chrono Boost)  
  27  2:29  Probe (Chrono Boost)  
  28  2:38  Probe  
  29  2:44  Probe  
  29  2:50  Probe (Chrono Boost)  
  33  2:51  Sentry  
  33  2:57  Gateway, Robotics Facility, Probe (Chrono Boost)  
  34  3:02  Probe (Chrono Boost)  
  36  3:06  Probe (Chrono Boost)  
  36  3:08  Probe (Chrono Boost)  
  36  3:11  Probe (Chrono Boost)  
  37  3:17  Probe  
  39  3:23  Probe  
  40  3:28  Stalker  
  40  3:29  Probe  
  43  3:35  Probe  
  43  3:41  Probe  
  45  3:45  Nexus  
  45  3:46  Pylon  
  45  3:47  Probe  
  46  3:50  Pylon  
  46  4:04  Probe x2  
  46  4:07  Assimilator  
  46  4:08  Assimilator  
  49  4:10  Pylon, Observer  
  49  4:16  Probe (Chrono Boost)  
  49  4:17  Probe (Chrono Boost)  
  51  4:24  Stalker x2  
  55  4:26  Probe x2 (Chrono Boost)  
  55  4:31  Probe x2 (Chrono Boost)  
  59  4:42  Probe x2  
  59  4:43  Gateway  
  59  4:44  Gateway  
  61  4:46  Gateway  
  61  4:48  Stalker x2  
  69  4:53  Immortal  
  69  4:55  Probe (Chrono Boost)  
  69  4:56  Probe (Chrono Boost)  
  69  4:57  Probe (Chrono Boost)  
  73  5:07  Probe (Chrono Boost)  
  73  5:10  Probe x2 (Chrono Boost)  
  75  5:16  Twilight Council, Probe (Chrono Boost)  
  75  5:18  Forge  
  76  5:21  Forge, Probe (Chrono Boost)  
  76  5:22  Pylon, Probe x2 (Chrono Boost)  
  76  5:25  Stalker  
  76  5:28  Stalker  
  83  5:34  Probe x2  
  85  5:36  Pylon  
  85  5:37  Assimilator  
  85  5:40  Assimilator, Probe  
  86  5:45  Stalker  
  86  5:46  Stalker  
  86  5:47  Charge, Stalker  
  86  5:49  Probe x2  
  90  5:56  Protoss Ground Weapons Level 1 (Chrono Boost), Protoss Ground Armor Level 1 (Chrono Boost)  
  90  6:06  Probe x2  
  90  6:07  Probe  
  90  6:10  Nexus  
  93  6:12  Pylon  
  93  6:16  Pylon  
  93  6:17  Templar Archives  
  93  6:19  Probe  
  93  6:20  Probe x2  
  93  6:25  Immortal  
  100  6:32  Zealot x3  
  104  6:35  Pylon  
  104  6:39  Pylon  
  106  6:43  Pylon  
  106  6:47  Zealot  
  106  6:48  Pylon, Zealot  
  106  6:49  Probe  
  106  6:50  Probe  
  106  6:51  Pylon, Probe  
  113  6:56  High Templar  
  113  6:57  High Templar, Zealot  
  119  7:01  Archon  
  119  7:12  High Templar  
  119  7:13  High Templar  
  123  7:19  Immortal  
  127  7:23  Archon  
  127  7:28  High Templar  
  127  7:29  High Templar  
  131  7:30  Zealot  
  131  7:33  Archon  
  131  7:35  Probe x3  
  131  7:36  Probe  
  137  7:42  Gateway  
  137  7:43  Gateway, Protoss Ground Armor Level 2 (Chrono Boost)  
  137  7:44  Protoss Ground Weapons Level 2 (Chrono Boost)  
  137  7:45  Gateway  
  137  7:47  High Templar, Probe x3  
  137  7:48  High Templar, Probe  
  137  7:50  Gateway  
  145  7:59  Probe x3  
  145  8:03  Gateway  
  145  8:04  Gateway  
  148  8:06  Gateway  
  148  8:08  Immortal  
  148  8:09  Gateway  
  148  8:10  High Templar x2  
  156  8:13  Gateway  
  156  8:14  Gateway  
  156  8:16  Gateway  
  156  8:17  Archon x2  
  156  8:19  Gateway  
  156  8:22  Zealot  
  156  8:23  Zealot x2  
  162  8:36  Pylon  
  162  8:39  Pylon  
  162  8:40  Assimilator  
  162  8:41  Assimilator  
  162  8:51  Zealot x5  
  162  8:54  Zealot  
  162  8:55  Zealot x3  
  180  9:02  Immortal  
  184  9:08  Nexus  
  184  9:10  Gateway  
  184  9:11  Pylon  
  184  9:12  Gateway  
  184  9:14  Pylon, Robotics Facility  
  184  9:16  Zealot x2  
  188  9:32  Zealot  
  188  9:33  Zealot x5  
  198  9:55  Immortal x2  
  198  10:07  Zealot x16  
  170  10:08  Zealot x3  
  166  10:30  Immortal  
  154  10:35  High Templar  
  154  10:36  High Templar x13  
  154  10:38  Zealot x5  
  154  10:39  Immortal  
  188  10:43  Archon x4  
  188  10:44  Archon x3  
  192  10:54  Assimilator x2  
  190  11:00  Zealot x5  
  198  11:33  Immortal x2 (Chrono Boost)  
  184  11:40  Zealot  
  184  11:41  Zealot x12  
  184  11:45  Zealot x5  
  184  11:46  Zealot  
  186  12:04  Zealot x8  
  186  12:05  Zealot  
Show
View Real Time Build Order
Export as new Build Order

BoHater Zerg 

Build Orders: Hatch First 

Get SALT Encoding   

  12  0:00  Drone  
  13  0:12  Overlord  
  13  0:24  Drone  
  14  0:31  Drone x2  
  16  0:36  Drone  
  17  0:55  Drone  
  18  0:57  Hatchery  
  18  0:59  Drone  
  18  1:09  Extractor  
  17  1:14  Spawning Pool  
  16  1:19  Drone  
  16  1:21  Drone  
  18  1:29  Drone  
  19  1:39  Overlord  
  19  2:02  Drone x2  
  19  2:03  Queen  
  23  2:08  Queen  
  23  2:10  Zergling x2  
  23  2:12  Zergling x2  
  27  2:20  Metabolic Boost  
  27  2:21  Zergling x2  
  28  2:23  Drone  
  29  2:36  Drone x2  
  31  2:43  Drone  
  32  2:44  Drone  
  33  2:52  Queen  
  35  2:58  Drone  
  35  3:03  Hatchery, Overlord  
  35  3:11  Lair  
  35  3:14  Drone  
  36  3:21  Drone x2  
  36  3:22  Drone  
  36  3:23  Drone  
  41  3:27  Zergling x4  
  42  3:37  Overlord  
  42  3:38  Drone  
  42  3:39  Drone  
  44  3:53  Overlord  
  44  3:59  Spore Crawler  
  43  4:04  Drone x6  
  43  4:05  Overlord  
  49  4:11  Zergling x6  
  49  4:14  Hydralisk Den  
  51  4:18  Evolution Chamber  
  51  4:19  Drone x2  
  51  4:20  Drone  
  51  4:21  Evolution Chamber  
  52  4:25  Extractor  
  52  4:27  Spine Crawler  
  50  4:40  Drone x8  
  50  4:41  Drone  
  59  4:47  Zerg Missile Weapons Level 1  
  59  4:48  Hydralisk  
  59  4:51  Hydralisk  
  63  4:59  Hydralisk  
  65  5:01  Drone x3  
  65  5:03  Overlord  
  68  5:09  Drone x3  
  68  5:12  Extractor  
  70  5:18  Drone x2  
  70  5:19  Drone  
  70  5:20  Overlord  
  73  5:22  Hydralisk  
  73  5:23  Hydralisk  
  73  5:28  Hydralisk  
  77  5:32  Spore Crawler  
  78  5:36  Drone  
  78  5:37  Drone x2  
  78  5:38  Drone  
  78  5:39  Hydralisk  
  83  5:45  Zergling x6  
  84  5:54  Overlord x2  
  79  6:07  Hydralisk x3  
  79  6:09  Drone x6  
  89  6:13  Extractor, Hydralisk  
  89  6:15  Extractor, Hydralisk  
  91  6:21  Drone x3  
  91  6:22  Drone  
  95  6:28  Extractor  
  95  6:31  Hydralisk x2  
  98  6:33  Hydralisk  
  98  6:36  Drone x2  
  102  6:42  Hydralisk  
  104  6:49  Drone x2  
  104  6:51  Hatchery, Overlord x3  
  104  6:53  Grooved Spines  
  105  6:59  Overlord x2  
  105  7:01  Overseer  
  105  7:05  Zerg Ground Armor Level 1  
  105  7:15  Drone  
  106  7:20  Spore Crawler, Hydralisk x4  
  106  7:21  Spore Crawler, Hydralisk  
  114  7:23  Overlord  
  114  7:27  Hydralisk x2  
  118  7:31  Hydralisk  
  118  7:33  Drone x3  
  123  7:38  Hydralisk x2  
  123  7:41  Drone x2  
  123  7:42  Drone x3  
  132  7:48  Drone x4  
  132  7:49  Overlord  
  136  7:54  Zerg Missile Weapons Level 2  
  136  7:55  Hydralisk x2  
  136  7:56  Hydralisk  
  142  8:03  Hydralisk x2  
  146  8:08  Hydralisk  
  146  8:09  Hydralisk  
  146  8:11  Overlord x2  
  146  8:12  Hydralisk  
  152  8:21  Spore Crawler, Hydralisk x3  
  152  8:23  Hydralisk  
  152  8:26  Hydralisk  
  161  8:28  Drone x7  
  161  8:32  Extractor  
  161  8:33  Extractor, Spine Crawler  
  165  8:34  Hydralisk x2  
  165  8:36  Spine Crawler  
  168  8:56  Hydralisk x7  
  168  8:57  Hydralisk  
  184  9:09  Overseer  
  184  9:11  Pneumatized Carapace  
  184  9:14  Hatchery  
  183  9:17  Infestation Pit, Hydralisk  
  183  9:19  Overlord x3  
  183  9:21  Muscular Augments  
  184  9:37  Hydralisk  
  184  9:38  Hydralisk x7  
  197  9:55  Hydralisk  
  198  10:03  Hydralisk x6  
  198  10:04  Hydralisk x4  
  179  10:08  Zergling x2  
  179  10:09  Zergling x2  
  149  10:16  Hydralisk x3  
  149  10:19  Hydralisk  
  145  10:28  Hydralisk x4  
  135  10:37  Hydralisk x3  
  135  10:40  Overseer  
  135  10:41  Overseer  
  125  10:45  Hydralisk  
  125  10:46  Hydralisk x4  
  125  10:49  Hydralisk  
  131  10:54  Hydralisk  
  131  10:55  Hydralisk x2  
  139  11:02  Queen  
  141  11:07  Hydralisk x5  
  141  11:10  Overlord, Hydralisk  
  141  11:11  Hydralisk  
  153  11:13  Hydralisk  
  157  11:19  Hydralisk  
  157  11:20  Hydralisk  
  157  11:23  Drone x6  
  169  11:29  Hydralisk x2  
  169  11:36  Hydralisk x4  
  141  11:40  Hydralisk x2  
  141  11:44  Hydralisk x2  
  141  11:46  Hydralisk  
  139  11:53  Zergling x2  
  139  11:54  Zergling x4  
Tags
 
Composition
Archon Immortal
League
Bronze
Matchup
PvZ
Player
ViBE
Replay Pack
Platinum_League
Spawn Locations
Cross Positions
Add a new tag
Caveats
  • Supply blocks, unpowered buildings, or Contaminate may cause inaccurate times.
  • Supply counts are checked every 10 seconds.